Map: Romanticide LE

Players

MaNa

  • Race: Protoss Protoss

DnS - Winner!

  • Race: Protoss Protoss

Event: DreamHack SC2 Masters 2021 Winter

VOD

Have the link to the VOD?

Description

Time

  • Played on: Oct. 2, 2021, 1:11 p.m.
  • Length: 12:25

All games in this series

Show
View Real Time Build Order
Export as new Build Order

MaNa Protoss 

Build Orders: Oracle Opening, Phoenix Opening, Archon Immortal 

Get SALT Encoding   

  12  0:00  Probe  
  13  0:12  Probe  
  14  0:18  Pylon  
  14  0:24  Probe (Chrono Boost)  
  15  0:36  Gateway, Probe (Chrono Boost)  
  16  0:45  Probe (Chrono Boost)  
  16  0:46  Assimilator  
  17  0:51  Probe  
  17  0:54  Assimilator  
  18  1:03  Probe (Chrono Boost)  
  19  1:08  Gateway  
  19  1:12  Probe (Chrono Boost)  
  19  1:17  Probe (Chrono Boost)  
  20  1:23  Cybernetics Core  
  21  1:29  Probe  
  22  1:33  Pylon  
  22  1:41  Probe  
  23  1:53  Probe  
  24  1:59  Stalker  
  24  2:00  Warp Gate, Sentry  
  28  2:05  Probe  
  29  2:13  Pylon  
  29  2:18  Shield Battery  
  29  2:23  Probe  
  30  2:33  Phoenix  
  30  2:35  Probe (Chrono Boost), Stargate  
  31  2:44  Probe (Chrono Boost)  
  31  2:54  Nexus  
  31  2:59  Probe  
  32  3:06  Pylon  
  32  3:11  Probe (Chrono Boost)  
  33  3:19  Oracle  
  36  3:24  Probe (Chrono Boost)  
  37  3:30  Probe (Chrono Boost)  
  38  3:38  Probe  
  39  3:47  Robotics Facility, Forge  
  39  3:50  Probe, Shield Battery  
  41  4:06  Probe x2 (Chrono Boost)  
  42  4:15  Probe (Chrono Boost)  
  44  4:17  Probe (Chrono Boost)  
  44  4:21  Probe (Chrono Boost), Protoss Ground Weapons Level 1  
  45  4:26  Probe  
  46  4:32  Immortal (Chrono Boost)  
  46  4:33  Probe  
  46  4:34  Pylon  
  51  4:38  Probe  
  51  4:39  Pylon  
  51  4:45  Probe  
  53  4:50  Probe  
  53  4:52  Twilight Council  
  54  4:57  Sentry  
  54  4:59  Assimilator  
  56  5:02  Probe x2  
  56  5:04  Immortal (Chrono Boost)  
  62  5:14  Nexus  
  62  5:17  Probe x2  
  64  5:29  Probe  
  65  5:36  Adept x2  
  65  5:39  Immortal (Chrono Boost), Shield Battery  
  65  5:41  Probe x2  
  75  5:45  Charge  
  75  5:52  Gateway  
  75  5:53  Probe x2  
  77  6:06  Gateway  
  77  6:07  Gateway  
  77  6:15  Pylon  
  77  6:16  Probe  
  77  6:17  Protoss Ground Weapons Level 2 (Chrono Boost)  
  77  6:18  Pylon  
  78  6:25  Immortal, Probe  
  83  6:26  Probe  
  83  6:28  Probe  
  85  6:35  Templar Archives  
  85  6:37  Probe  
  85  6:38  Probe  
  87  6:40  Probe  
  87  6:43  Zealot  
  87  6:44  Zealot  
  92  6:47  Zealot  
  92  6:49  Probe  
  92  6:50  Probe  
  92  6:51  Assimilator  
  92  6:52  Assimilator, Probe  
  97  6:55  Pylon  
  95  7:01  Probe  
  96  7:09  Warp Prism (Chrono Boost)  
  96  7:10  Probe  
  97  7:17  Zealot x5  
  107  7:24  Assimilator  
  107  7:26  Photon Cannon  
  105  7:31  Photon Cannon  
  105  7:36  Gateway  
  105  7:38  Gateway, High Templar x3  
  105  7:39  Gateway, High Templar  
  105  7:42  Archon  
  105  7:43  Archon  
  113  7:46  Zealot  
  115  7:53  Pylon  
  115  7:54  Pylon  
  115  7:56  Pylon  
  115  8:00  Nexus  
  115  8:13  Zealot x5  
  119  8:33  Warp Prism (Chrono Boost)  
  97  8:35  Zealot x3  
  97  8:36  Zealot x2  
  93  8:56  High Templar x8  
  93  9:00  Immortal (Chrono Boost)  
  93  9:01  Archon x3  
  93  9:02  Archon  
  113  9:03  Gateway  
  113  9:05  Gateway  
  113  9:07  Protoss Ground Weapons Level 3 (Chrono Boost)  
  113  9:08  Pylon  
  113  9:14  Probe x4  
  117  9:19  Pylon  
  117  9:26  Probe x4  
  117  9:29  Robotics Facility  
  121  9:40  Photon Cannon  
  121  9:42  Immortal, Shield Battery  
  125  9:49  Shield Battery  
  125  9:51  High Templar x2, Shield Battery  
  126  9:53  Shield Battery  
  126  9:56  Archon  
  126  10:07  Zealot x4  
  126  10:08  Zealot x3  
  126  10:10  Shield Battery  
  140  10:17  Zealot  
  142  10:25  Zealot x2  
  142  10:28  Immortal (Chrono Boost)  
  136  10:30  High Templar  
  136  10:31  High Templar x2  
  136  10:32  High Templar  
  136  10:34  Zealot x3  
  142  10:35  Archon  
  142  10:36  Archon  
  142  10:40  Warp Prism (Chrono Boost)  
  140  10:44  Assimilator  
  140  10:47  Zealot x2, Assimilator  
  144  10:51  Zealot  
  144  10:55  Pylon  
  146  10:59  Photon Cannon, Observer (Chrono Boost)  
  145  11:04  Zealot x3  
  145  11:05  Zealot  
  145  11:11  High Templar x3  
  147  11:12  Zealot x2, High Templar  
  147  11:15  Archon  
  147  11:16  Archon  
  157  11:23  Immortal  
  149  11:36  Zealot x6  
  132  11:44  Zealot x4  
  77  12:02  High Templar x3  
  77  12:03  High Templar  
  77  12:05  Zealot x4  
  77  12:07  Archon x2  
  82  12:15  High Templar x2  
  82  12:19  Archon  
Show
View Real Time Build Order
Export as new Build Order

DnS Protoss - Winner!

Build Orders:  

Get SALT Encoding   

  12  0:00  Probe  
  13  0:12  Probe  
  14  0:17  Pylon  
  14  0:24  Probe (Chrono Boost)  
  15  0:36  Probe (Chrono Boost)  
  15  0:37  Gateway  
  16  0:44  Probe (Chrono Boost)  
  16  0:45  Assimilator  
  17  0:51  Probe  
  17  0:56  Assimilator  
  18  1:03  Probe (Chrono Boost)  
  19  1:08  Gateway  
  19  1:12  Probe (Chrono Boost)  
  19  1:17  Probe (Chrono Boost)  
  20  1:24  Cybernetics Core  
  21  1:29  Probe  
  22  1:35  Pylon  
  22  1:41  Probe  
  23  1:53  Probe  
  24  2:00  Stalker  
  24  2:01  Sentry  
  28  2:02  Warp Gate  
  28  2:05  Probe  
  29  2:12  Pylon  
  29  2:19  Shield Battery  
  29  2:27  Sentry  
  30  2:40  Sentry  
  30  2:41  Nexus  
  30  2:44  Probe (Chrono Boost)  
  33  2:53  Pylon  
  33  2:54  Probe (Chrono Boost)  
  34  2:58  Probe (Chrono Boost)  
  34  3:04  Stalker  
  37  3:10  Probe (Chrono Boost)  
  38  3:13  Shield Battery  
  39  3:20  Probe (Chrono Boost)  
  39  3:25  Probe (Chrono Boost)  
  40  3:36  Probe  
  40  3:39  Twilight Council  
  41  3:48  Probe  
  41  3:50  Stalker x2  
  41  3:54  Probe (Chrono Boost)  
  48  4:06  Probe x2 (Chrono Boost)  
  49  4:12  Probe (Chrono Boost)  
  49  4:13  Stalker  
  49  4:14  Probe (Chrono Boost)  
  53  4:19  Blink (Chrono Boost)  
  53  4:20  Probe  
  54  4:25  Probe  
  55  4:32  Probe  
  55  4:37  Probe  
  55  4:38  Forge  
  57  4:43  Nexus  
  57  4:45  Probe  
  58  4:49  Assimilator, Probe  
  59  4:54  Pylon  
  59  4:57  Pylon  
  59  5:04  Probe x2  
  61  5:08  Gateway x2  
  61  5:12  Protoss Ground Weapons Level 1  
  61  5:16  Probe x2  
  63  5:23  Stalker  
  63  5:28  Probe x2  
  64  5:34  Stalker  
  65  5:40  Probe x2  
  67  5:49  Robotics Facility  
  67  5:52  Probe (Chrono Boost)  
  67  5:53  Probe (Chrono Boost)  
  69  5:59  Probe (Chrono Boost)  
  69  6:03  Stalker x3  
  78  6:04  Probe (Chrono Boost)  
  78  6:05  Probe (Chrono Boost)  
  78  6:08  Probe (Chrono Boost)  
  78  6:10  Probe (Chrono Boost)  
  78  6:11  Probe (Chrono Boost)  
  80  6:13  Probe (Chrono Boost), Charge  
  82  6:18  Probe  
  82  6:19  Probe  
  82  6:25  Probe  
  85  6:26  Gateway  
  85  6:27  Gateway  
  85  6:30  Probe  
  85  6:31  Probe  
  87  6:38  Probe  
  87  6:39  Observer (Chrono Boost)  
  89  6:40  Assimilator  
  89  6:42  Assimilator  
  89  6:43  Probe  
  89  6:44  Assimilator  
  89  6:46  Probe  
  91  6:47  Gateway  
  91  6:49  Gateway, Pylon  
  91  6:50  Templar Archives  
  91  6:54  Probe  
  91  6:55  Probe  
  91  6:58  Probe  
  92  7:02  Stalker  
  92  7:06  Immortal (Chrono Boost)  
  91  7:08  Probe  
  91  7:10  Probe  
  91  7:12  Stalker x2, Shield Battery  
  91  7:13  Probe  
  91  7:14  Stalker, Protoss Ground Weapons Level 2 (Chrono Boost)  
  96  7:21  Probe  
  96  7:22  Probe  
  96  7:25  Probe  
  96  7:29  Zealot  
  99  7:33  Probe  
  99  7:35  Pylon x2  
  101  7:37  Pylon  
  101  7:45  Probe  
  101  7:53  Probe  
  101  7:54  High Templar  
  101  7:55  Zealot x6, High Templar  
  101  7:57  Nexus  
  118  8:00  Pylon  
  118  8:01  Immortal  
  122  8:06  Archon  
  122  8:09  Shield Battery  
  122  8:10  Photon Cannon  
  122  8:11  Pylon  
  122  8:18  Zealot x2  
  122  8:19  Zealot x3  
  117  8:35  Zealot x3  
  105  8:44  Zealot  
  105  8:45  Zealot x4  
  105  8:47  Warp Prism (Chrono Boost)  
  115  8:54  Gateway  
  117  8:55  Photon Cannon  
  117  8:56  Gateway  
  117  8:58  Probe x3  
  117  9:01  Sentry, High Templar x2  
  126  9:04  Pylon  
  126  9:07  Archon  
  126  9:08  High Templar x3  
  126  9:09  High Templar  
  134  9:12  Gateway  
  134  9:13  Gateway  
  134  9:14  Archon x2  
  134  9:16  Pylon  
  134  9:18  Photon Cannon  
  134  9:28  High Templar, Protoss Ground Weapons Level 3 (Chrono Boost)  
  134  9:29  High Templar  
  138  9:33  Archon  
  138  9:35  Dark Shrine  
  138  9:37  Observer  
  139  9:39  Zealot x2  
  139  9:41  Photon Cannon  
  139  9:42  Shield Battery  
  143  9:48  Zealot x4  
  143  9:52  Pylon x2  
  151  9:54  Pylon  
  151  10:08  Stalker x3  
  151  10:09  Zealot x3  
  160  10:16  Zealot x5  
  167  10:25  Zealot  
  164  10:30  Zealot x2  
  164  10:31  Zealot  
  164  10:34  High Templar  
  164  10:35  High Templar  
  166  10:41  Archon, High Templar x2  
  166  10:42  Zealot x3  
  176  10:49  Pylon  
  176  10:50  Pylon  
  176  10:53  Archon  
  176  10:54  Stalker x3  
  182  10:59  Zealot  
  182  11:00  Zealot  
  184  11:08  Zealot x5  
  172  11:14  High Templar x2  
  176  11:19  Archon  
  176  11:20  Zealot x5  
  186  11:30  Zealot x5  
  145  11:40  Zealot x5  
  135  11:48  Zealot x2  
  127  11:55  High Templar x3  
  127  11:56  High Templar  
  127  12:00  Archon x2  
  123  12:02  Observer (Chrono Boost)  
  123  12:05  Zealot x6  
  136  12:12  Zealot x2  

Tags
 
Add a new tag
Caveats
  • Supply blocks, unpowered buildings, or Contaminate may cause inaccurate times.
  • Supply counts are checked every 10 seconds.